 Dungeon Crawl Stone Soup version 0.17-a0-470-g171ef40 (webtiles) character file.

1277 RFJesus1egend4r12 the Charlatan (level 8, -4/68 HPs)
             Began as a Troll Artificer on Apr 6, 2015.
             Hit by a stone thrown by an orc warrior (14 damage)
             ... on level 6 of the Dungeon.
             The game lasted 00:10:51 (4320 turns).

RFJesus1egend4r12 the Charlatan (Troll Artificer)   Turns: 4320, Time: 00:10:51

Health: -4/68      AC:  5    Str: 21    XL:     8   Next: 29%
Magic:  12/12      EV: 10    Int:  8    God:
Gold:   283        SH:  0    Dex: 11    Spells: 0 memorised, 7 levels left

rFire  . . .     SeeInvis .       - Unarmed
rCold  . . .     Clarity  .     e - +0 robe (curse)
rNeg   . . .     SustAb   .     (no shield)
rPois  .         Gourm    +     (helmet restricted)
rElec  .         Spirit   .     (no cloak)
rCorr  .         Warding  .     (gloves unavailable)
rMut   .         Stasis   .     (boots unavailable)
MR     +....                    (no amulet)
Stlth  +.........               j - ring of protection from magic (curse) {MR+}
                                (no ring)

@: somewhat resistant to hostile enchantments, very unstealthy
A: unfitting armour, claws 3, fast metabolism 3, gourmand, regeneration 2,
shaggy fur 1, tough skin 2
a: no special abilities


You were on level 6 of the Dungeon.
You were very full.

You visited 1 branch of the dungeon, and saw 6 of its levels.
You also visited: Ossuary.

You collected 283 gold pieces.

Inventory:

Hand weapons
 y - the +8 demon blade "Leech" {vamp, rN+ AC-2 EV-2 Str-2 Int-2 Dex-2}
   (You found it on level 5 of the Dungeon)

   It inflicts no extra harm, but heals its wielder somewhat when it strikes a
   living foe.
   It affects your AC (-2).
   It affects your evasion (-2).
   It affects your strength (-2).
   It affects your intelligence (-2).
   It affects your dexterity (-2).
   It protects you from negative energy.
Missiles
 x - 8 curare-tipped needles
Armour
 e - a cursed +0 robe (worn)
 k - a cursed +0 shield
   (You found it on level 2 of the Dungeon)
Jewellery
 h - an uncursed ring of magical power {unknown}
   (You took it off an orc on level 5 of the Dungeon)
 j - a cursed ring of protection from magic (right claw) {MR+}
   (You found it on level 2 of the Dungeon)
Magical devices
 b - a wand of flame (8)
 c - a wand of enslavement (15)
 d - a wand of random effects (15)
Scrolls
 g - 4 scrolls of remove curse
 i - 2 scrolls of recharging
 p - a scroll of fog
 r - a scroll of immolation {!r}
 t - 4 scrolls of amnesia
 u - 3 scrolls of teleportation
 D - a scroll of identify
Potions
 a - a potion of curing {unknown}
 l - a potion of agility
 m - a potion of mutation {!q}
 n - a potion of ambrosia {unknown}
 o - a potion of invisibility {unknown}
 s - 2 potions of might {unknown}
 w - a potion of flight {unknown}
 z - a potion of haste
 B - a potion of brilliance
Comestibles
 f - 6 bread rations
 q - a slice of pizza
 v - a royal jelly
 A - a meat ration


   Skills:
 - Level 0.7 Fighting
   Level 0.7 Short Blades
 - Level 1.5 Dodging
 - Level 0.4 Stealth
 + Level 5.6 Unarmed Combat
 * Level 6.6 Evocations


You had 7 spell levels left.
You didn't know any spells.

Dungeon Overview and Level Annotations

Branches:
Dungeon (6/15)
 Temple: D:4-7

Altars:
Ashenzari
Dithmenos
Elyvilon
Ru
The Shining One

Annotations:
D:6 Edmund


Innate Abilities, Weirdness & Mutations

You are too large for most types of armour.
You have claws for hands.
Your metabolism is lightning-fast.
You like to eat raw meat.
You heal very quickly.
You are covered in fur (AC +1).
You have very tough skin (AC +2).


Message History

* * * LOW HITPOINT WARNING * * *
You claw the centaur!
The centaur is heavily wounded.
The centaur hits you!
* * * LOW HITPOINT WARNING * * *
You scratch the centaur.
The centaur is severely wounded.
The centaur hits you.
* * * LOW HITPOINT WARNING * * *
The orc hits you but does no damage.
You completely miss the centaur.
The centaur is severely wounded.
The centaur closely misses you.
You claw the centaur!
You kill the centaur!
The orc hits you with a flail.
* * * LOW HITPOINT WARNING * * *
You claw the orc!
You kill the orc!
You see here 2 arrows.
You feel a strong urge to attack something.
You are no longer berserk.
You pass out from exhaustion.
You feel yourself slow down.
You can move again.
There is a stone staircase leading up here.
There is a stone staircase leading up here.
You start resting.
You feel yourself speed up.
Unknown command.
You start resting.
You feel less exhausted.
Unknown command.
You start resting.
HP restored.
Unknown command.
A goblin comes into view. It is wielding a dagger.
The goblin shouts!
You see here 2 arrows.
The goblin hits you with a dagger.
You claw the goblin!
You kill the goblin!
No target in view!
Things that are here:
a dagger; an uncursed shortbow; 12 arrows
Things that are here:
a flail; an orc corpse You butcher the orc corpse.
C - 2 chunks of flesh You see here a flail.
Eating one of 2 chunks of flesh.
This raw flesh tastes great.
You continue eating. x2
Eating a chunk of flesh.
This raw flesh tastes great.
You continue eating. x2
You see here 2 arrows.
A worker ant comes into view.
The worker ant twitches its antennae in your direction.
You see here a leatherbound book.
An orc comes into view. It is wielding a whip.
The orc shouts!
The worker ant bites you.
You claw the worker ant!
The worker ant is severely wounded.
The worker ant bites you!
You claw the worker ant!
You kill the worker ant!
An orc warrior comes into view. It is wielding a halberd.
The orc warrior shouts!
The orc misses you.
You scratch the orc.
The orc begins to bleed from its wounds!
The orc is moderately wounded.
You claw the orc!
You kill the orc!
The orc warrior throws a stone.
The stone barely misses you.
The orc warrior throws a stone.
The stone barely misses you.
Things that are here:
a whip; an orc corpse The orc warrior hits you from afar with a halberd!!
Found a stone staircase leading down.
The orc warrior barely misses you.
You scratch the orc warrior but do no damage.
You closely miss the orc warrior.
The orc warrior hits you with a halberd!
You are too injured to fight recklessly!
You are too injured to fight recklessly!
You are too injured to fight recklessly!
You barely miss the orc warrior. The orc warrior closely misses you.
You scratch the orc warrior.
The orc warrior begins to bleed from its wounds!
The orc warrior is moderately wounded.
The orc warrior hits you with a halberd!
* * * LOW HITPOINT WARNING * * *
The orc warrior throws a stone.
The stone hits you!
* * * LOW HITPOINT WARNING * * *
Things that are here:
a stone; a whip; an orc corpse The orc warrior is no longer bleeding.
The orc warrior throws a stone.
The stone hits you!
You die...

#.#####..## #.. #.#
##..# ###... ..# ##.#
#....# .# .##
#.####.##.###.## ##
#.(.)#(##......#
####)(.:#........
#######(.........).
.........(...........
###......@†.........
#.......(.........
###..#.............
#..............>.
#.#.##...o.......
#.#. ##..$...#.. #...
.###.#.# ..? .. .# #
... ##


You could see an orc warrior.

Vanquished Creatures
  An ice beast (D:5)
  3 ogres
  2 centaurs
  Blork the orc (D:4)
  An elf zombie (Ossuary)
  A crimson imp (D:5)
  2 orc wizards (D:5)
  A human zombie (Ossuary)
  A giant frog zombie (D:5)
  An orc priest (D:4)
  3 hounds
  A giant frog skeleton (D:4)
  3 worker ants
  4 mummies
  7 adders
  A worm (D:2)
  2 adder zombies
  2 adder skeletons
  5 giant geckos
  9 orcs
  3 giant cockroaches
  9 hobgoblins
  7 jackals (D:4)
  7 kobolds
  3 quokkas
  A ball python (D:3)
  8 bats
  A giant gecko skeleton (D:5)
  10 giant newts
  A gnoll zombie (Ossuary)
  12 goblins
  4 goblin zombies (Ossuary)
  3 hobgoblin zombies (Ossuary)
  3 kobold zombies (Ossuary)
  2 quokka zombies
  16 rats
  3 rat zombies (Ossuary)
144 creatures vanquished.

Notes
Turn   | Place    | Note
--------------------------------------------------------------
     0 | D:1      | RFJesus1egend4r12, the Troll Artificer, began the quest for the Orb.
     0 | D:1      | Reached XP level 1. HP: 18/18 MP: 1/1
    19 | D:1      | Found a shattered altar of Ashenzari.
   166 | D:1      | Reached XP level 2. HP: 26/26 MP: 2/2
   222 | D:1      | Reached skill level 1 in Unarmed Combat
   633 | D:1      | You fall through a shaft!
   649 | D:2      | Reached XP level 3. HP: 32/32 MP: 4/4
   821 | D:2      | Reached skill level 3 in Evocations
  1416 | D:3      | Reached skill level 2 in Unarmed Combat
  1421 | D:3      | Reached XP level 4. HP: 40/40 MP: 5/5
  1661 | D:3      | Found a white marble altar of Elyvilon.
  2287 | D:4      | Reached XP level 5. HP: 36/46 MP: 6/6
  2396 | D:4      | Found a glowing golden altar of the Shining One.
  2396 | D:4      | Found a shadowy altar of Dithmenos.
  2628 | D:4      | Reached skill level 3 in Unarmed Combat
  2628 | D:4      | Reached skill level 4 in Evocations
  2677 | D:4      | Found a sacrificial altar of Ru.
  2803 | D:4      | Noticed Blork the orc
  2899 | D:4      | Killed Blork the orc
  2899 | D:4      | Reached XP level 6. HP: 54/54 MP: 8/8
  3023 | D:5      | Entered Level 5 of the Dungeon
  3182 | D:4      | Reached skill level 5 in Evocations
  3189 | D:4      | Noticed an ogre
  3198 | D:4      | Killed an ogre
  3198 | D:4      | Reached skill level 4 in Unarmed Combat
  3198 | D:4      | Reached XP level 7. HP: 36/61 MP: 9/9
  3338 | D:5      | Found a sand-covered staircase.
  3360 | Ossuary  | Entered an ossuary
  3772 | D:5      | Reached skill level 5 in Unarmed Combat
  3772 | D:5      | Reached skill level 6 in Evocations
  3774 | D:5      | Reached XP level 8. HP: 60/68 MP: 11/11
  4171 | D:6      | Noticed Edmund
  4182 | D:6      | HP: 23/102 [orc/flail (6)]
  4186 | D:6      | HP: 9/102 [orc/flail (5)]
  4319 | D:6      | HP: 9/68 [orc warrior/stone (12)]
  4320 | D:6      | Hit by a stone thrown by an orc warrior

Action                   |  1- 3 |  4- 6 |  7- 9 || total
-------------------------+-------+-------+-------++-------
Melee: Unarmed           |   111 |   191 |   159 ||   461
Evoke: Wand              |     6 |    14 |     8 ||    28
  Use: Scroll            |       |     7 |     6 ||    13
       Potion            |       |       |     3 ||     3
  Eat: Chunk             |    11 |    17 |    17 ||    45

Vault maps used:
D:1:      minmay_arrival_up_and_down, evilmike_ruin_ashenzari
D:3:      elyvilon_altar_1, grunt_decor_cap, kennysheep_generic_room_2
D:4:      nicolae_ru_sacrificial_ziggurat, minitemple, first_bread,
          uniq_blork_the_orc
D:5:      gup_ossuary_entry_pyramid
D:6:      serial_shops, nicolae_shop_stone, columned_hall_lemuel, uniq_edmund,
          uniq_grinder
Ossuary:  ossuary_minmay_chase

Table legend:
 A = Turns spent in this place as a percentage of turns spent in the entire game.
 B = Non-inter-level travel turns spent in this place as a percentage of non-inter-level travel turns spent in the entire game.
 C = Inter-level travel turns spent in this place as a percentage of turns spent in this place.
 D = Turns resting spent in this place as a percentage of non-inter-level travel turns spent in this place.
 E = Turns spent auto-exploring this place as a percentage of non-inter-level travel turns spent in this place.
 F = Non-inter-level travel turns spent in this place divided by the number of levels of this place that you've seen.
                   A       B       C       D       E      F
               +-------+-------+-------+-------+-------+----------------------
         Total | 100.0 | 100.0 |   0.6 |   1.9 |   7.9 | 251.4
       Dungeon |  91.4 |  91.3 |   0.6 |   1.6 |   8.0 | 267.8
       Ossuary |   8.6 |   8.7 |   0.0 |   5.2 |   7.2 | 153.0
               +-------+-------+-------+-------+-------+----------------------

Table legend:
 A = Kills in this place as a percentage of kills in entire the game.
 B = Kills by you in this place as a percentage of kills by you in the entire game.
 C = Kills by friends in this place as a percentage of kills by friends in the entire game.
 D = Other kills in this place as a percentage of other kills in the entire game.
 E = Experience gained in this place as a percentage of experience gained in the entire game.
 F = Experience gained in this place divided by the number of levels of this place that you have seen.
                   A       B       C       D       E      F
               +-------+-------+-------+-------+-------+----------------------
         Total | 100.0 | 100.0 |  -nan |  -nan | 100.0 | 260.7
       Dungeon |  85.4 |  85.4 |  -nan |  -nan |  88.5 | 269.3
       Ossuary |  14.6 |  14.6 |  -nan |  -nan |  11.5 | 209.0
               +-------+-------+-------+-------+-------+----------------------
